Map: Ascension to Aiur LE

Players

Rote

  • Race: Terran Terran
  • Spawn Location: 5:00

SouLeer (souL) - Winner!

  • Race: Zerg Zerg
  • Spawn Location: 11:00

Event: WCS Valencia 2017

VOD

Have the link to the VOD?

Description

Time

  • Played on: July 13, 2017, 8:12 a.m.
  • Length: 6:47

All games in this series

Show
View Real Time Build Order
Export as new Build Order

Rote Terran 

Build Orders: Hellion Opening, Reaper Expand 

Get SALT Encoding   

  12  0:00  SCV  
  13  0:12  SCV  
  14  0:17  Supply Depot  
  14  0:24  SCV  
  14  0:28  Refinery  
  15  0:38  SCV  
  16  0:45  Barracks  
  16  0:50  SCV  
  17  1:02  SCV  
  18  1:15  SCV  
  19  1:32  Orbital Command, Reaper  
  20  1:44  Command Center  
  20  1:54  Factory  
  20  1:59  SCV  
  21  2:04  Refinery  
  21  2:07  Barracks Reactor  
  21  2:14  Supply Depot  
  21  2:16  SCV  
  22  2:28  SCV  
  23  2:40  SCV  
  24  2:55  Starport  
  24  3:02  Hellion, SCV  
  24  3:03  Hellion  
  24  3:04  Supply Depot  
  29  3:14  SCV  
  30  3:26  Command Center  
  30  3:28  Hellion x2  
  28  3:49  Hellion x2  
  23  4:17  SCV  
  24  4:27  Command Center  
  24  4:32  SCV  
  25  4:44  SCV  
  26  4:50  Medivac  
  28  4:54  Supply Depot  
  28  4:56  SCV  
  29  5:05  Hellion  
  31  5:11  Hellion, SCV  
  30  5:27  Hellion, Marine  
  29  5:32  Orbital Command  
  31  5:46  SCV  
  32  5:52  Widow Mine x2  
  32  5:54  Orbital Command  
  32  5:57  Orbital Command  
  34  5:58  SCV  
  34  6:03  Barracks Tech Lab  
  35  6:12  SCV  
Show
View Real Time Build Order
Export as new Build Order

SouLeer Zerg - Winner!

Build Orders: Pool First 

Get SALT Encoding   

  12  0:00  Drone  
  13  0:12  Overlord  
  13  0:16  Drone  
  14  0:30  Drone x2  
  14  0:34  Drone  
  17  0:44  Spawning Pool  
  17  0:46  Drone  
  17  0:49  Extractor  
  16  1:10  Hatchery  
  15  1:17  Drone  
  16  1:31  Zergling x2  
  19  1:34  Zergling x4  
  19  1:37  Queen  
  21  1:45  Overlord  
  21  1:54  Drone  
  22  1:57  Metabolic Boost  
  22  2:05  Zergling x2  
  23  2:15  Zergling x2  
  24  2:16  Queen  
  26  2:23  Zergling x2  
  26  2:25  Zergling x2  
  28  2:39  Zergling x4  
  30  2:50  Zergling x8  
  33  2:52  Drone  
  34  2:59  Drone  
  35  3:10  Drone  
  36  3:12  Drone  
  36  3:14  Overlord  
  35  3:20  Overlord  
  35  3:22  Overlord  
  35  3:32  Queen, Drone  
  35  3:33  Drone x3  
  41  3:36  Drone x3  
  43  3:46  Drone x2  
  45  3:54  Drone x2  
  44  3:57  Drone x2  
  44  3:58  Drone x2  
  45  4:08  Zergling x6  
  45  4:13  Extractor  
  45  4:16  Hatchery  
  43  4:22  Roach Warren  
  43  4:23  Zergling x4  
  44  4:30  Extractor, Drone x2  
  44  4:31  Drone x2  
  47  4:33  Zergling x2  
  47  4:36  Drone  
  49  4:40  Drone  
  49  4:42  Overlord  
  49  4:51  Zergling x2  
  50  4:58  Overlord  
  50  5:02  Roach x5  
  50  5:05  Roach  
  64  5:07  Roach  
  64  5:13  Roach x2  
  68  5:20  Overlord  
  67  5:22  Roach  
  67  5:28  Roach x3  
  75  5:32  Overlord  
  77  5:35  Roach  
  77  5:37  Ravager  
  77  5:38  Ravager  
  77  5:40  Roach  
  81  5:44  Roach x2  
  81  5:47  Overlord  
  85  5:50  Roach  
  85  5:54  Roach  
  89  5:57  Overlord  
  89  6:01  Roach  
  91  6:04  Zergling x4  
  91  6:07  Overlord  
  91  6:09  Ravager  
  94  6:12  Zergling x4  
  94  6:14  Zergling x2  
  94  6:15  Ravager  
  98  6:19  Zergling x4  
Tags
 
Add a new tag
Caveats
  • Supply blocks, unpowered buildings, or Contaminate may cause inaccurate times.
  • Supply counts are checked every 10 seconds.